 Dungeon Crawl Stone Soup version 0.21.1-1-g345015fe64 (webtiles) character file.

644 BrokenGlass the Sneak (level 7, 0/58 HPs)
             Began as a Vine Stalker Assassin on Mar 28, 2018.
             Succumbed to Blork the orc's poison
             ... on level 5 of the Dungeon.
             The game lasted 00:06:45 (3775 turns).

BrokenGlass the Sneak (Vine Stalker Assassin)       Turns: 3775, Time: 00:06:46

Health: 0/58       AC: 23    Str: 16    XL:     7   Next: 52%
Magic:  8/8        EV:  2    Int: 13    God:
Gold:   162        SH:  0    Dex: 18    Spells: 6/6 levels left

rFire    . . .     SeeInvis .   b - +0 blowgun
rCold    . . .     Gourm    .   (no shield)
rNeg     + + +     Faith    .   (armour currently unavailable)
rPois    +         Spirit   +   (helmet currently unavailable)
rElec    .         Reflect  .   (cloak currently unavailable)
rCorr    .         Harm     .   (gloves currently unavailable)
MR       .....     NoTele   +   (boots currently unavailable)
Stlth    +++++.....             (no amulet)
HPRegen  0.59/turn              x - ring of flight
MPRegen  0.11/turn              (no ring)

@: agile, lethally poisoned (0 -> -6), tree-form, marked, berserk cooldown, very
slightly contaminated, slowed, invisible, very slow
A: clever 1, clumsy 1, regeneration 1, magic shield, no potion heal 3, rot
immunity, subdued magic 1
a: no special abilities


You were on level 5 of the Dungeon.
You were not hungry.
You were a tree.
You visited 1 branch of the dungeon, and saw 5 of its levels.

You collected 162 gold pieces.

Inventory:

Hand Weapons
 a - a +2 dagger
 b - a +0 blowgun (weapon)
 j - a +0 hunting sling
Missiles
 e - 32 poisoned needles
 f - 2 curare-tipped needles (quivered)
 k - 19 sling bullets
 t - 13 bolts
 w - 5 javelins
Armour
 c - a +0 robe (melded)
 d - a +0 cloak (melded)
 v - a +2 pair of boots (melded)
Jewellery
 x - a ring of flight (left branch)
 y - the ring of Xoepporphiyq {rElec MR+ Str+5 Int-5 Stlth+, unknown}
   (You found it on level 4 of the Dungeon)

   [ring of protection from magic]

   It affects your strength (+5).
   It affects your intelligence (-5).
   It insulates you from electricity.
   It affects your resistance to hostile enchantments.
   It makes you more stealthy.
Scrolls
 h - 3 scrolls of identify {unknown}
 i - 6 scrolls of remove curse
 m - 2 scrolls of fog {unknown}
 p - 2 scrolls of teleportation {unknown}
 s - 2 scrolls of amnesia {unknown}
Potions
 l - a potion of mutation
 u - a potion of curing {unknown}
Comestibles
 g - 4 rations


   Skills:
 * Level 5.4 Fighting
 + Level 3.9 Short Blades
 - Level 1.7 Throwing
 - Level 0.7 Dodging
 + Level 7.1 Stealth


You had 6 spell levels left.
You didn't know any spells.

Dungeon Overview and Level Annotations

Branches:
Dungeon (5/15)
 Temple: D:4-7

Altars:
Elyvilon
Fedhas
Qazlal


Innate Abilities, Weirdness & Mutations

((You have extremely sharp teeth.))
Your natural rate of healing is unusually fast.
When hurt, damage is shared between your health and your magic reserves.
((Your bite disrupts and absorbs the magic of your enemies.))
Potions cannot restore your health.
You are immune to rotting.
Your mind is acute. (Int +2)
You are clumsy. (Dex -2)
Your spells are a little easier to cast, but a little less powerful.


Message History

Your +2 pair of boots melds into your body.
Your +0 robe melds into your body.
Your roots penetrate the ground.
* * * LOW HITPOINT WARNING * * *
You feel sick.
A hound comes into view.
b - a +0 blowgun (weapon)
* * * LOW HITPOINT WARNING * * *
You feel sick.
Quiver which item? (- for none, * to show all) (? for menu, Esc to quit)
Quivering
f - 2 curare-tipped needles for blowguns.
It was a potion of invisibility.
You fade into invisibility!
* * * LOW HITPOINT WARNING * * *
You feel sick.
The hound pauses to sniff the ground.
You are very lightly contaminated with residual magic.
Unknown command.
It was a potion of agility.
You feel agile all of a sudden.
You die...

#.#####.#######
#.#####.#
.#######.......#
........########
.######.# #.#
####h####
#.......#
#.##♣##.# #
#)##.# # #.##.#
#.##.##.#
#.......#
####.#### #.#
#.# #.#


You could see a hound.

Vanquished Creatures
  A sky beast (D:5)
  An ogre (D:4)
  Blork the orc (D:5)
  2 bullfrog zombies (D:5)
  A hound (D:4)
  2 orc priests
  An orc wizard (D:5)
  2 worker ants (D:4)
  4 gnolls (D:3)
  2 adders
  A shadow imp (D:5)
  An ooze (D:1)
  4 worms
  2 leopard geckos
  10 orcs
  2 ball pythons
  3 giant cockroaches
  9 goblins
  9 hobgoblins
  5 jackals (D:1)
  A quokka (D:5)
  A ball python skeleton (D:4)
  10 bats
  8 frilled lizards
  7 kobolds
  6 rats
96 creatures vanquished.

Notes
Turn   | Place    | Note
-------+----------+-------------------------------------------
     0 | D:1      | BrokenGlass the Vine Stalker Assassin began the quest for the Orb.
     0 | D:1      | Reached XP level 1. HP: 11/11 MP: 2/2
    91 | D:1      | Reached XP level 2. HP: 5/15 MP: 3/3
    93 | D:1      | Reached skill level 5 in Stealth
   443 | D:1      | Reached XP level 3. HP: 12/19 MP: 2/4
  1215 | D:2      | Gained mutation: Your natural rate of healing is unusually fast. [Vine Stalker growth]
  1215 | D:2      | Reached XP level 4. HP: 24/24 MP: 5/5
  2176 | D:3      | Reached XP level 5. HP: 28/28 MP: 6/6
  3064 | D:4      | Reached skill level 6 in Stealth
  3095 | D:4      | Noticed an ogre
  3117 | D:4      | Killed an ogre
  3117 | D:4      | Reached XP level 6. HP: 13/33 MP: 2/7
  3270 | D:4      | Got a scintillating glass ring
  3335 | D:4      | Found a white marble altar of Elyvilon.
  3339 | D:4      | Found a stormy altar of Qazlal.
  3339 | D:4      | Found a blossoming altar of Fedhas.
  3505 | D:5      | Entered Level 5 of the Dungeon
  3507 | D:5      | Noticed a sky beast
  3566 | D:5      | Killed a sky beast
  3566 | D:5      | Reached skill level 5 in Fighting
  3566 | D:5      | Reached XP level 7. HP: 39/39 MP: 8/8
  3740 | D:5      | Noticed Blork the orc
  3764 | D:5      | Gained mutation: Your spells are a little easier to cast, but a little less powerful. [potion of mutation]
  3764 | D:5      | Gained mutation: You are clumsy. (Dex -2) [potion of mutation]
  3764 | D:5      | Gained mutation: Your mind is acute. (Int +2) [potion of mutation]
  3767 | D:5      | Killed Blork the orc
  3767 | D:5      | Reached skill level 7 in Stealth
  3772 | D:5      | HP: 2/58 [poisoned by Blork the orc]
  3775 | D:5      | Succumbed to Blork the orc's poison

Skill      XL: |  1  2  3  4  5  6  7 |
---------------+----------------------+-----
Fighting       | 2 3 4 5 |  5.4
Short Blades   | 2 3 |  3.9
Stealth        | 5 6 7 |  7.1
Throwing       | |  1.7
Dodging        | |  0.7

Action                   |  1- 3 |  4- 6 |  7- 9 || total
-------------------------+-------+-------+-------++-------
Melee: Dagger            |    26 |   122 |    53 ||   201
       Bite              |     7 |    35 |    22 ||    64
 Fire: Hunting sling     |    73 |    31 |       ||   104
       Blowgun           |       |    19 |       ||    19
Throw: Javelin           |       |     3 |       ||     3
  Use: Scroll            |     1 |       |       ||     1
       Potion            |       |       |     5 ||     5
 Stab: Sleeping          |     3 |     2 |       ||     5
  Eat: Chunk             |       |     7 |     2 ||     9
Armor: Robe              |    14 |    21 |    13 ||    48
Dodge: Dodged            |    22 |    72 |    19 ||   113
